 Dungeon Crawl Stone Soup version 0.30-a0-719-gcc4359ea44 (webtiles) character file.

Game seed: 7165953768367038191

76 jlumianski the Trooper (level 4, 0/35 HPs)
             Began as a Demonspawn Fighter on Jan 26, 2023.
             Slain by Natasha (2 damage)
             ... on level 2 of the Dungeon.
             The game lasted 00:05:12 (1637 turns).

jlumianski the Trooper (Demonspawn Fighter)         Turns: 1637, Time: 00:05:12

Health: 0/35       AC: 11    Str: 18    XL:     4   Next: 12%
Magic:  4/4        EV:  5    Int: 10    God:
Gold:   104        SH:  4    Dex: 12    Spells: 3/3 levels left

rFire   . . .      SeeInvis .    a - +0 war axe
rCold   . . .      Faith    .    c - +0 buckler
rNeg    . . .      Spirit   .    k - +0 plate armour
rPois   .          Reflect  .    (helmet restricted)
rElec   .          Harm     .    (no cloak)
rCorr   .          Rampage  .    (no gloves)
Will    .....                    (no boots) Stlth
                                 (no amulet)
HPRegen 0.25/turn                (no ring)
MPRegen 0.09/turn                (no ring)

@: mighty
A: horns 2
a: no special abilities


You were on level 2 of the Dungeon.
You visited 1 branch of the dungeon, and saw 3 of its levels.

You collected 104 gold pieces.

Inventory:

Hand Weapons
 a - a +0 war axe (weapon)
Missiles
 j - 10 stones (quivered)
Armour
 b - a +0 scale mail
 c - a +0 buckler (worn)
 f - a +0 chain mail
 k - a +0 plate armour (worn)
Scrolls
 e - a scroll of teleportation {unknown}
 h - 3 scrolls of amnesia {unknown}
 i - a scroll of immolation {unknown}
 l - a scroll of acquirement {unknown}
 m - a scroll of summoning {unknown}
 n - a scroll of fear {unknown}
Potions
 d - a potion of might
 g - a potion of brilliance {unknown}


   Skills:
 + Level 3.3 Fighting
 + Level 3.0 Axes
 + Level 3.2 Armour
 + Level 0.1 Dodging
 + Level 0.1 Stealth
 + Level 2.9 Shields


You had 3 spell levels left.
You didn't know any spells.
Your spell library was empty.

Dungeon Overview and Level Annotations

Branches:
Dungeon (3/15)

Altars:

Annotations:
D:2 Natasha


Innate Abilities, Weirdness & Mutations

You have a pair of horns on your head.


Message History

Natasha hisses angrily.
Natasha mumbles some strange words.
Natasha drinks a potion.
Natasha flickers and vanishes!
Deactivating autopickup; reactivate with Ctrl-A.
You miss something. Something claws you.
You miss something. Something claws you! Something claws you.
You miss something. Something claws you but does no damage.
You closely miss something. Something claws you.
You barely miss something.
You hear some strange, mumbled words.
You block something's attack.
You closely miss something. Something claws you.
You closely miss something. Something claws you.
Something claws you but does no damage.
You closely miss something.
You hear some strange, mumbled words.
A magic dart appears from out of thin air!
The magic dart hits you but does no damage.
You closely miss something. Something claws you but does no damage.
Something claws you.
You closely miss something. Something claws you.
* * * LOW HITPOINT WARNING * * *
You miss something. You headbutt something! Something claws you.
* * * LOW HITPOINT WARNING * * *
Something claws you but does no damage.
Okay, then.
Unknown command.
Okay, then.
Okay, then.
You closely miss something. Something claws you.
* * * LOW HITPOINT WARNING * * *
You feel very mighty all of a sudden. Something claws you but does no damage.
You barely miss something. Something claws you but does no damage.
You completely miss something.
You hear some strange, mumbled words.
A magic dart appears from out of thin air!
The magic dart hits you but does no damage.
Something claws you.
You die...

#.# ##.....###<#
###.# #..........#
....# #.##..####.#
.#### #.##.># #.# .#
#.##..# ##.## .#
#.##..###.#.## .#
#.##..##.###.# .#
#.##...##.#..# .#
#.##...5{@...# .#
#.####.###..)# .#
#.####5###...#####.#
.#
#....).............#
.#
######.#####.#######
.# #.# #.# .## #.#
##.# ..# #########.#
#><# ..###.........#
#.##


You could see an iron imp (summoned).

Vanquished Creatures
  Natasha (D:2)
  2 dart slugs (D:2)
  5 endoplasms
  A giant cockroach (D:2)
  7 goblins
  A hobgoblin (D:2)
  4 jackals (D:1)
  5 kobolds
  A quokka (D:2)
  4 ball pythons
  8 bats
  A frilled lizard (D:2)
  5 rats
45 creatures vanquished.

Notes
Turn   | Place    | Note
-------+----------+-------------------------------------------
     0 | D:1      | jlumianski the Demonspawn Fighter began the quest for the
                  | Orb.
     0 | D:1      | Reached XP level 1. HP: 18/18 MP: 1/1
   195 | D:1      | Gained mutation: You have a pair of small horns on your
                  | head. [demonic ancestry]
   195 | D:1      | Reached XP level 2. HP: 24/24 MP: 2/2
   936 | D:2      | Gained mutation: You have a pair of horns on your head.
                  | [demonic ancestry]
   936 | D:2      | Reached XP level 3. HP: 29/29 MP: 3/3
   951 | D:2      | Noticed Natasha
   960 | D:2      | Killed Natasha
  1190 | D:2      | Reached XP level 4. HP: 33/35 MP: 4/4
  1600 | D:2      | Noticed Natasha
  1634 | D:2      | HP: 1/35 [something (5)]
  1637 | D:2      | Slain by Natasha

Illustrated notes

Levels and vault maps discovered:
D:1:      dpeg_arrival_short_road, layout_loops_ring, grunt_decor_cap,
          minivault_26
D:2:      layout_loops_ring, uniq_natasha, uniq_crazy_yiuf_cottage
D:3:      layout_loops_ring, uniq_ijyb

Skill      XL: |  1  2  3  4 |
---------------+-------------+-----
Axes           | 2 3 |  3.0
Armour         | 3 |  3.2
Fighting       | |  3.3
Dodging        | |  0.1
Stealth        | |  0.1
Shields        | |  2.9

Action                     |  1- 3 |  4- 6 || total
---------------------------+-------+-------++-------
  Melee: War axe           |    91 |    30 ||   121
         Headbutt          |    10 |     2 ||    12
    Use: Potion            |       |     1 ||     1
 Armour: Scale mail        |    18 |       ||    18
         Chain mail        |    46 |       ||    46
         Plate armour      |       |    17 ||    17
  Dodge: Dodged            |    42 |     4 ||    46
  Block: Buckler           |    30 |     1 ||    31

Table legend: (Time is in decaauts)
 A = Elapsed time spent in this place.
 B = Non-inter-level travel time spent in this place.
 C = Inter-level travel time spent in this place.
 D = Time resting spent in this place.
 E = Time spent auto-exploring this place.
 F = Levels seen in this place.
 G = Mean time per level.
                   A        B        C        D        E       F      G
               +--------+--------+--------+--------+--------+-----+--------+
         Total |   1691 |   1665 |     26 |      0 |    991 |   3 |  563.7 |
       Dungeon |   1691 |   1665 |     26 |      0 |    991 |   3 |  563.7 |
               +--------+--------+--------+--------+--------+-----+--------+

Top non-repeatable levels by time:
     D:1: 879 daAuts
     D:2: 810 daAuts
     D:3: 1 daAuts
